General information
- name: BNet
- type: Ladder 1vs1/FFA
- host: Battle.net
- saver: StpdSxyFlandrs
map: CentaurGrove
- players: 2
- length: 129:40
- speed: Fast
- version: 1.26 W3XP
- replay type: Public
» download(344 KB)
Players
team 1 (winner)
StpdSxyFlandrs (
pink | 46 APM | 6010 actions | 129:40)
9 Pandaren Brewmaster
3 Drunken Brawler
3 Breath of Fire
1 Storm Earth and Fire
2 Drunken Haze
9 Tauren Chieftain
3 War Stomp
3 Endurance Aura
2 Reincarnation
1 Shockwave
8 Goblin Tinker
3 Pocket Factory
3 Engineering Upgrade
1 Robo-Goblin
1 Cluster Rockets
» actions
| Assign group hotkey | 91 | |
| Basic commands | 413 | |
| Build / train | 180 | |
| ESC pressed | 7 | |
| Enter build submenu | 110 | |
| Enter hero's abilities submenu | 29 | |
| Give item / drop item | 41 | |
| Right click | 2312 | |
| Select / deselect | 1513 | |
| Select group hotkey | 674 | |
| Use ability | 640 | |
6010 total
» units
| Peon | 23 | |
| Grunt | 5 | |
| Troll Witch Doctor | 5 | |
| Troll Headhunter/Berserker | 1 | |
| Troll Batrider | 21 | |
| Goblin Shredder | 2 | |
| Spirit Walker | 1 | |
| Demolisher | 1 | |
| Goblin Zeppelin | 4 | |
63 total
» upgrades
| Berserker Strength | 1 | |
| Pillage | 1 | |
| Troll Regeneration | 1 | |
| Witch Doctor Training | 2 | |
| Armor | 3 | |
| Liquid Fire | 1 | |
| Reinforced Defenses | 1 | |
| Spirit Walker Training | 2 | |
| Berserker Upgrade | 1 | |
| Ranged Weapons | 3 | |
| Spiked Barricades | 1 | |
17 total
» buildings
| Barracks | 1 | |
| Orc Burrow | 18 | |
| Altar of Storms | 2 | |
| Voodoo Lounge | 4 | |
| Stronghold | 3 | |
| War Mill | 8 | |
| Spirit Lodge | 2 | |
| Beastiary | 6 | |
| Fortress | 2 | |
| Watch Tower | 88 | |
| Great Hall | 1 | |
135 total
» build order
00:17 Barracks
00:37 Orc Burrow
01:05 Altar of Storms
01:47 Orc Burrow
02:05 Voodoo Lounge
03:17 Stronghold
04:07 Orc Burrow
04:38 War Mill
05:39 Spirit Lodge
07:22 Orc Burrow
11:11 Beastiary
11:11 Beastiary
11:31 Fortress
14:57 Watch Tower
17:08 Voodoo Lounge
17:56 Watch Tower
17:56 Watch Tower
17:57 Watch Tower
19:49 Watch Tower
19:49 Watch Tower
19:49 Watch Tower
20:03 Watch Tower
20:03 Watch Tower
20:08 Watch Tower
20:08 Watch Tower
20:12 Orc Burrow
23:05 Great Hall
23:47 Watch Tower
23:47 Watch Tower
23:48 Watch Tower
23:48 Watch Tower
23:50 Watch Tower
23:51 Watch Tower
23:51 Watch Tower
23:52 Watch Tower
25:09 Watch Tower
25:09 Watch Tower
25:10 Watch Tower
25:11 Watch Tower
33:41 Beastiary
33:42 Beastiary
33:43 Beastiary
33:45 Beastiary
37:15 Stronghold
42:07 Watch Tower
42:07 Watch Tower
42:08 Watch Tower
42:09 Watch Tower
42:11 Watch Tower
42:12 Watch Tower
42:16 Watch Tower
42:17 Watch Tower
44:05 Watch Tower
44:06 Watch Tower
44:11 Watch Tower
44:20 Watch Tower
44:26 Watch Tower
44:27 Watch Tower
45:33 Orc Burrow
45:34 Watch Tower
45:50 Fortress
47:20 Watch Tower
47:21 Watch Tower
47:21 Watch Tower
47:56 Voodoo Lounge
48:14 Watch Tower
48:15 Watch Tower
49:45 Watch Tower
49:46 Watch Tower
49:46 Watch Tower
49:50 Orc Burrow
49:52 Orc Burrow
65:12 War Mill
65:26 War Mill
66:45 War Mill
66:54 War Mill
67:02 War Mill
68:14 War Mill
69:32 Orc Burrow
69:38 Orc Burrow
69:41 Orc Burrow
69:55 Orc Burrow
69:58 Orc Burrow
70:07 Orc Burrow
70:14 Voodoo Lounge
70:55 Watch Tower
70:55 Watch Tower
70:56 Watch Tower
70:57 Watch Tower
70:57 Watch Tower
71:09 Watch Tower
71:11 Watch Tower
71:12 Watch Tower
71:17 Watch Tower
71:21 Watch Tower
71:28 Watch Tower
71:28 Watch Tower
72:04 Watch Tower
72:30 Orc Burrow
72:31 Orc Burrow
72:35 Watch Tower
72:36 Watch Tower
72:36 Watch Tower
72:37 Watch Tower
72:40 Watch Tower
72:41 Watch Tower
72:44 Watch Tower
72:45 Watch Tower
73:25 Watch Tower
73:26 Watch Tower
73:31 Watch Tower
73:33 Watch Tower
73:46 Watch Tower
73:47 Watch Tower
73:48 Watch Tower
73:48 Watch Tower
73:50 Stronghold
73:56 Watch Tower
74:00 Watch Tower
74:28 Watch Tower
74:37 Watch Tower
74:38 Watch Tower
74:43 Watch Tower
74:51 War Mill
75:05 Watch Tower
75:12 Watch Tower
75:13 Watch Tower
75:14 Watch Tower
75:19 Watch Tower
75:24 Watch Tower
75:30 Watch Tower
76:35 Orc Burrow
77:32 Altar of Storms
80:31 Orc Burrow
80:58 Spirit Lodge
» items
| Healing Salve | 5 | |
| Lesser Clarity Potion | 10 | |
| Scroll of Speed | 2 | |
| Boots of Speed | 3 | |
| Potion of Invisibility | 12 | |
| Staff of Teleportation | 3 | |
| Periapt of Vitality | 4 | |
| Potion of Lesser Invulnerability | 1 | |
| Scroll of Town Portal | 4 | |
| Potion of Healing | 3 | |
| Orb of Lightning | 3 | |
| Tiny Great Hall | 5 | |
| Potion of Mana | 2 | |
| Tome of Retraining | 1 | |
58 total
team 2 (loser)
Texan75 (
green | 16 APM | 1883 actions | 119:43)
4 Far Seer
2 Feral Spirit
2 Chain Lighting
2 Shadow Hunter
1 Healing Wave
1 Serpent Ward
1 Tauren Chieftain
1 Endurance Aura
» actions
| Assign group hotkey | 42 | |
| Basic commands | 5 | |
| Build / train | 153 | |
| ESC pressed | 1 | |
| Enter build submenu | 50 | |
| Enter hero's abilities submenu | 7 | |
| Remove unit from queue | 19 | |
| Right click | 623 | |
| Select / deselect | 486 | |
| Select group hotkey | 333 | |
| Use ability | 164 | |
1883 total
» units
| Peon | 51 | |
| Grunt | 5 | |
| Wind Rider | 29 | |
| Shaman | 12 | |
| Demolisher | 10 | |
| Goblin Shredder | 3 | |
| Tauren | 8 | |
| Goblin Zeppelin | 1 | |
119 total
» upgrades
| Shaman Training | 2 | |
| Envenomed Spears | 1 | |
| Burning Oil | 1 | |
| Armor | 1 | |
| Pulverize | 1 | |
6 total
» buildings
| Altar of Storms | 2 | |
| Orc Burrow | 27 | |
| Barracks | 3 | |
| War Mill | 2 | |
| Stronghold | 3 | |
| Watch Tower | 24 | |
| Spirit Lodge | 2 | |
| Great Hall | 6 | |
| Beastiary | 5 | |
| Fortress | 2 | |
| Tauren Totem | 1 | |
77 total
» build order
00:10 Altar of Storms
00:13 Orc Burrow
00:57 Barracks
01:22 Orc Burrow
02:24 War Mill
03:34 Stronghold
03:44 Orc Burrow
05:23 Watch Tower
05:24 Watch Tower
05:44 Orc Burrow
06:07 Spirit Lodge
07:20 Great Hall
07:33 Beastiary
07:55 Beastiary
08:32 Fortress
09:12 Watch Tower
09:40 Watch Tower
10:14 Orc Burrow
12:46 Orc Burrow
12:51 Orc Burrow
14:03 Watch Tower
21:39 Orc Burrow
22:03 Great Hall
23:13 Orc Burrow
24:27 Watch Tower
24:28 Watch Tower
24:28 Watch Tower
29:24 Great Hall
34:01 Orc Burrow
34:02 Orc Burrow
34:02 Orc Burrow
34:03 Orc Burrow
48:01 Stronghold
48:09 Tauren Totem
49:53 Great Hall
53:04 Orc Burrow
53:05 Orc Burrow
53:06 Orc Burrow
53:07 Orc Burrow
53:08 Orc Burrow
60:14 Great Hall
63:02 Great Hall
68:50 Altar of Storms
69:24 War Mill
69:34 Spirit Lodge
69:54 Barracks
70:40 Watch Tower
70:41 Watch Tower
70:42 Watch Tower
70:44 Watch Tower
70:45 Watch Tower
70:46 Watch Tower
70:47 Watch Tower
71:12 Watch Tower
71:13 Watch Tower
71:14 Watch Tower
71:15 Watch Tower
71:25 Watch Tower
71:25 Watch Tower
71:26 Watch Tower
71:27 Watch Tower
71:43 Orc Burrow
72:01 Watch Tower
73:40 Orc Burrow
74:58 Barracks
76:35 Orc Burrow
76:56 Stronghold
77:38 Orc Burrow
78:56 Orc Burrow
79:22 Fortress
80:10 Orc Burrow
80:11 Orc Burrow
80:12 Orc Burrow
90:20 Beastiary
91:03 Beastiary
92:15 Beastiary
94:33 Orc Burrow
Chat log
(18:45 / All) StpdSxyFlandrs: NOW you heal?
(18:46 / All) StpdSxyFlandrs: lol
(36:53 / All) StpdSxyFlandrs: LOL FOCUS FIRE THE LVL 6 TC
(37:11 / All) StpdSxyFlandrs: wish i could say gg
(37:22 / All) Texan75: sorry, i dont make a career outta this....
(37:33 / All) Texan75: effin stupid to have all these comments
(37:35 / All) StpdSxyFlandrs: no you just make stupid decisions to force yourself to lose
(37:52 / All) StpdSxyFlandrs: nice face saving for losing tho
(37:53 / All) Texan75: would you like some cookies and milk?
(37:59 / All) StpdSxyFlandrs: yeah actually
(38:02 / All) Texan75: great job, son!
(38:04 / All) StpdSxyFlandrs: and a ragequit
(38:36 / All) Texan75: I'm not mad, just baffled by your wierd sense of accomplishment from a game
(38:38 / All) StpdSxyFlandrs: lmfao
(38:41 / All) StpdSxyFlandrs: they always deny
(38:51 / All) Texan75: flatter yourself bro
(38:56 / All) StpdSxyFlandrs: i was? :)
(39:18 / All) Texan75: maybe you need to get a job and leave mommy's house?
(39:27 / All) StpdSxyFlandrs: did you actually go into this game with the intent of losing?
(39:37 / All) StpdSxyFlandrs: im just wondering
(39:44 / All) Texan75: I just have fun and do my best...
(39:49 / All) StpdSxyFlandrs: that was your best/
(39:52 / All) StpdSxyFlandrs: lol wow
(40:05 / All) StpdSxyFlandrs: i figured you were playing with 1 finger
(40:22 / All) Texan75: I have four kids here asking for shit, damn, would like to have fun, but cant enjoy with smart asses like you
(40:32 / All) StpdSxyFlandrs: maybe you should return them to their parents
(40:45 / All) Texan75: stfu
(40:50 / All) StpdSxyFlandrs: hmm
(40:51 / All) StpdSxyFlandrs: nah
(42:38 / All) StpdSxyFlandrs: you gonna leave yet?
(42:49 / All) Texan75: nope
(42:53 / All) StpdSxyFlandrs: nice self surround
(43:11 / All) StpdSxyFlandrs: pro
(48:51 / All) StpdSxyFlandrs: nice.
(49:08 / All) StpdSxyFlandrs: this is where you ragequit
(49:17 / All) Texan75: not your bitch, haha
(49:25 / All) StpdSxyFlandrs: really?
(49:32 / All) StpdSxyFlandrs: ladies and gentlemen, i present exhibit a
(49:33 / All) StpdSxyFlandrs: this game
(49:40 / All) StpdSxyFlandrs: OH SNAP
(53:45 / All) StpdSxyFlandrs: it was a good idea to send those on their own.
(53:58 / All) StpdSxyFlandrs: wow
(54:02 / All) StpdSxyFlandrs: 1 hero achieved more than your entire army
(54:06 / All) StpdSxyFlandrs: how does that make you feel?
(54:26 / All) Texan75: dunno, been in kitchen gettin a snack
(54:32 / All) StpdSxyFlandrs: you sound fat.
(54:49 / All) Texan75: 135 lbs of sexy
(54:53 / All) StpdSxyFlandrs: mm hm
(55:11 / All) Texan75: are you in ur mother's basement?
(55:15 / All) StpdSxyFlandrs: attic
(55:17 / All) StpdSxyFlandrs: no basements in florida
(55:32 / All) Texan75: florida? oh that explains it...
(55:43 / All) StpdSxyFlandrs: <3
(57:18 / All) Texan75: I'm gonna go play around awhile, maybe you will have finished by the time I return
(57:28 / All) StpdSxyFlandrs: or you could just leave
(57:33 / All) StpdSxyFlandrs: if "its only game"
(57:34 / All) StpdSxyFlandrs: lol
(61:56 / All) StpdSxyFlandrs: TRY HAAAAAAAAAAAAARD
(95:24 / All) Texan75: are we having fun yet? hehe
(95:39 / All) StpdSxyFlandrs: w8
(95:41 / All) StpdSxyFlandrs: jerking ti
(95:43 / All) StpdSxyFlandrs: it
(96:07 / All) Texan75: yo, my daughter is standing here watching, do you mind?
(96:11 / All) StpdSxyFlandrs: how old
(96:19 / All) Texan75: 8
(96:25 / All) StpdSxyFlandrs: ooh shit that got me going
(96:52 / All) StpdSxyFlandrs: so fucking hard now
(97:31 / All) Texan75: what a jerk...
(97:35 / All) StpdSxyFlandrs: is she budding yet? :)
(98:09 / All) Texan75: if you don't believe in karma, wait til you're dying of cancer and maybe you will think about your hatefulness
(98:19 / All) StpdSxyFlandrs: who says im not already
(98:37 / All) StpdSxyFlandrs: im not, just saying that to help your anger
(98:42 / All) Texan75: what a wonderful thought....
(98:44 / All) StpdSxyFlandrs: thought it would make you feel better
(98:49 / All) Texan75: but you will
(99:01 / All) StpdSxyFlandrs: and youll still be mad :D
(99:15 / All) Texan75: ask you to be cool while my daughter is here and you say nasty shit. of course I'm mad, asshole.
(99:20 / All) Texan75: but your day is coming
(99:24 / All) StpdSxyFlandrs: kk
(99:38 / All) StpdSxyFlandrs: its your fault for getting me hard thinking about that 8 yr old snathc
(99:42 / All) StpdSxyFlandrs: *snatch
(99:49 / All) StpdSxyFlandrs: sorry, dont want to set a bad example with poor spelling
(100:02 / All) StpdSxyFlandrs: "daddy whats a snatch"
(100:25 / All) Texan75: already sent her away, pediphile
(100:29 / All) StpdSxyFlandrs: *pedo
(100:44 / All) Texan75: of course, you're the expert
(100:54 / All) StpdSxyFlandrs: fuck yeah man
(101:52 / All) StpdSxyFlandrs: wow you raped that factory like it was an 8 year old
(103:41 / All) StpdSxyFlandrs: sup brah
(103:55 / All) Texan75: oh, you're a nigger
(104:01 / All) Texan75: now I see
(104:23 / All) StpdSxyFlandrs: aw dont run
(104:33 / All) Texan75: not runnin
(104:39 / All) Texan75: build closer
(104:51 / All) StpdSxyFlandrs: well im stuck so you gotta come to me
(105:04 / All) StpdSxyFlandrs: massa sed i dun be free
(105:45 / All) Texan75: guess it's a stale mate, mate
(105:56 / All) StpdSxyFlandrs: not really
(105:57 / All) StpdSxyFlandrs: lol
(106:43 / All) StpdSxyFlandrs: hey theres still 90 gold left on the map
(106:45 / All) StpdSxyFlandrs: you gonna let that go?
(106:57 / All) Texan75: yup, got plenty
(107:02 / All) StpdSxyFlandrs: kk finish me plz
(107:12 / All) Texan75: i'm gonna wait
(107:19 / All) StpdSxyFlandrs: okies
(108:35 / All) StpdSxyFlandrs: i love having a hero i can repair
(110:31 / All) StpdSxyFlandrs: stalemate..
(110:32 / All) StpdSxyFlandrs: lol
(118:46 / All) StpdSxyFlandrs: yawn
(119:31 / All) StpdSxyFlandrs: good leavin' to ya